 Dungeon Crawl Stone Soup version 0.29.1-12-g30fa7ad0bf (webtiles) character file.

Game seed: 2990824435749632462

67 KittyFluff the Covered (level 4, -6/28 HPs)
             Began as a Gargoyle Fighter on Dec 28, 2022.
             Mangled by Terence
             ... wielding a +3 mace of protection
              (11 damage)
             ... on level 2 of the Dungeon.
             The game lasted 00:04:41 (1320 turns).

KittyFluff the Covered (Gargoyle Fighter)           Turns: 1320, Time: 00:04:41

Health: -6/28      AC: 10    Str: 19    XL:     4   Next: 16%
Magic:  4/4        EV:  9    Int:  9    God:
Gold:   53         SH:  4    Dex: 11    Spells: 1/3 levels left

rFire   . . .      SeeInvis .   a - +0 flail
rCold   . . .      Faith    .   c - +0 buckler
rNeg    + . .      Spirit   .   b - +0 scale mail
rPois   ∞          Reflect  .   (no helmet)
rElec   +          Harm     .   (no cloak)
rCorr   .          Rampage  .   (no gloves)
Will    .....                   (no boots)
Stlth   ..........              (no amulet)
HPRegen 0.09/turn               (no ring)
MPRegen 0.09/turn               (no ring)

@: mighty
A: sickness immunity, AC +3, negative energy resistance 1, electricity
resistance, torment resistance 1, petrification resistance
a: no special abilities


You were on level 2 of the Dungeon.
You visited 1 branch of the dungeon, and saw 2 of its levels.

You collected 53 gold pieces.

Inventory:

Hand Weapons
 a - a +0 flail (weapon)
Missiles
 h - 15 stones (quivered)
Armour
 b - a +0 scale mail (worn)
 c - a +0 buckler (worn)
Magical Staves
 k - a staff of death
Scrolls
 e - a scroll of immolation {unknown}
 i - a scroll of fear {unknown}
 j - a scroll of identify {unknown}
 l - a scroll of noise {unknown}
 n - a scroll of summoning {unknown}
Potions
 f - a potion of haste {unknown}
 g - a potion of cancellation {unknown}
 m - a potion of curing {unknown}


   Skills:
 + Level 3.5 Fighting
 + Level 2.7 Maces & Flails
 * Level 4.2 Armour
 + Level 0.6 Dodging
 + Level 3.6 Shields


You had one spell level left.
You knew the following spells:

 Your Spells              Type           Power      Damage    Failure   Level
a - Poisonous Vapours     Pois/Air       0%         N/A       93%         2

Your spell library contained the following spells:

 Spells                   Type           Power      Damage    Failure   Level
 Corpse Rot               Necr/Pois/Air  0%         N/A       100%        4


Dungeon Overview and Level Annotations

Branches:
Dungeon (2/15)

Altars:

Annotations:
D:2 Terence


Innate Abilities, Weirdness & Mutations

You are immune to sickness and miasma.
Your stone body is resilient. (AC +3)
You are immune to poison.
You resist negative energy. (rN+)
You are resistant to electric shocks. (rElec)
You are resistant to unholy torment.
You are immune to petrification.


Message History

The goblin barely misses you.
You barely miss the goblin. The goblin hits you but does no damage.
You closely miss the goblin. You block the goblin's attack.
You barely miss the goblin.
The goblin hits you but does no damage. x2
You barely miss the goblin. The goblin hits you with a +0 dagger.
You closely miss the goblin. The goblin hits you but does no damage.
You closely miss the goblin. The goblin closely misses you.
You block the goblin's attack.
You hit the goblin.
The goblin is almost dead.
The goblin hits you but does no damage.
You thump the goblin!
You kill the goblin!
Things that are here:
a +0 dagger; a goblin corpse A frilled lizard comes into view.
You thump the frilled lizard!
You kill the frilled lizard!
You see here a frilled lizard corpse.
You see here a frilled lizard corpse.
Terence the Incautious comes into view.
He is wielding a +3 mace of protection.
You block Terence's attack.
Terence hits you with a +3 mace of protection.
You hit Terence but do no damage. Terence hits you but does no damage.
Terence barely misses you.
You barely miss Terence.
Terence drinks a potion.
Terence seems to grow stronger.
You hit Terence but do no damage. Terence completely misses you.
You hit Terence but do no damage. You block Terence's attack.
Terence hits you with a +3 mace of protection!
Ouch! That really hurt!
* * * LOW HITPOINT WARNING * * *
You feel very mighty all of a sudden. Terence hits you but does no damage.
You closely miss Terence.
Terence hits you with a +3 mace of protection.
* * * LOW HITPOINT WARNING * * *
You barely miss Terence.
Terence hits you with a +3 mace of protection!
You die...

#.##.## ##.......
#.######.#...####........
........†.......+........
#.######.#...####........
#.##.## ##....... #.# ##
##.....# #.# ##...##
#.### ##+## #@@.# #.
###.# ####.### .# ......#
# ##....# #.....#
#>##....# .........
#.###.#.# #.###.#.#


You could see Terence (strong).

Vanquished Creatures
  Natasha (D:2)
  A worm (D:2)
  A dart slug (D:2)
  2 endoplasms (D:1)
  A giant cockroach (D:2)
  2 goblins
  3 hobgoblins
  4 jackals (D:1)
  A quokka (D:1)
  3 ball pythons (D:1)
  4 bats
  3 frilled lizards
  5 kobolds (D:1)
  4 rats
35 creatures vanquished.

Notes
Turn   | Place    | Note
-------+----------+-------------------------------------------
     0 | D:1      | KittyFluff the Gargoyle Fighter began the quest for the
                  | Orb.
     0 | D:1      | Reached XP level 1. HP: 14/14 MP: 1/1
   491 | D:1      | Found a faded altar of an unknown god.
   537 | D:1      | Reached XP level 2. HP: 18/19 MP: 2/2
   818 | D:1      | Reached XP level 3. HP: 22/23 MP: 3/3
   905 | D:1      | Learned a level 2 spell: Poisonous Vapours
  1078 | D:2      | Noticed Natasha
  1085 | D:2      | Killed Natasha
  1086 | D:2      | Reached skill level 4 in Armour
  1086 | D:2      | Reached XP level 4. HP: 28/28 MP: 4/4
  1311 | D:2      | Noticed Terence
  1320 | D:2      | Mangled by Terence

Illustrated notes

Levels and vault maps discovered:
D:1:      dpeg_arrival_chambers_temple_mockup, layout_rooms,
          hellmonk_ecumenical_altar_prayer_group,
          corexii_item_surrounded_by_moat, minmay_misc_feat_cross
D:2:      layout_loops_corners, uniq_natasha, uniq_terence

Skill      XL: |  1  2  3 |
---------------+----------+-----
Armour         | 4 |  4.2
Fighting       | |  3.5
Maces & Flails | |  2.7
Dodging        | |  0.6
Shields        | |  3.6

Action                   |  1- 3 |  4- 6 || total
-------------------------+-------+-------++-------
Melee: Flail             |    90 |    20 ||   110
  Use: Potion            |       |     1 ||     1
Armor: Scale mail        |    40 |     7 ||    47
Dodge: Dodged            |    43 |     6 ||    49
Block: Buckler           |    17 |     4 ||    21
